 Dungeon Crawl Stone Soup version 0.29-a0-1016-g236c7fd91e (webtiles) character file.

Game seed: 17253457313353226162

270 Sabo the Magician (level 6, -2/32 HPs)
             Began as a Deep Elf Air Elementalist on Aug 10, 2022.
             Slain by Dowan
             ... wielding a +0 dagger
              (3 damage)
             ... on level 4 of the Dungeon.
             The game lasted 00:24:41 (4868 turns).

Sabo the Magician (Deep Elf Air Elementalist)       Turns: 4868, Time: 00:24:41

Health: -2/32      AC:  3    Str:  5    XL:     6   Next: 1%
Magic:  18/25      EV: 12    Int: 22    God:
Gold:   217        SH:  0    Dex: 15    Spells: 15/16 levels left

rFire   . . .      SeeInvis .   i - +0 rapier
rCold   . . .      Faith    .   (no shield)
rNeg    . . .      Spirit   .   a - +0 robe
rPois   .          Reflect  .   e - +0 helmet
rElec   .          Harm     .   (no cloak)
rCorr   .          Rampage  .   (no gloves)
Will    +....                   (no boots)
Stlth   ++........              (no amulet)
HPRegen 0.10/turn               j - ring of magical power
MPRegen 0.19/turn               o - ring of willpower

@: lethally poisoned (-2 -> -3)
A: no striking features
a: no special abilities


You were on level 4 of the Dungeon.
You visited 1 branch of the dungeon, and saw 4 of its levels.

You collected 217 gold pieces.

Inventory:

Hand Weapons
 d - a +1 dagger of venom
 i - a +0 rapier (weapon)
Missiles
 m - 3 poisoned darts (quivered)
Armour
 a - a +0 robe (worn)
 e - a +0 helmet (worn)
Jewellery
 j - a ring of magical power (left hand)
 o - a ring of willpower (right hand)
Wands
 f - a wand of quicksilver (6)
Scrolls
 c - a scroll of identify
 g - 2 scrolls of magic mapping
 l - 2 scrolls of teleportation
 n - a scroll of enchant armour {unknown}
 p - a scroll of blinking {unknown}
Potions
 b - a potion of magic
 h - 3 potions of attraction {unknown}
 k - a potion of flight {unknown}


   Skills:
 + Level 0.2 Short Blades
 + Level 2.6 Dodging
 + Level 3.0 Stealth
 + Level 5.7 Spellcasting
 + Level 3.3 Conjurations
 + Level 4.2 Air Magic


You had 15 spell levels left.
You knew the following spells:

 Your Spells              Type           Power      Damage    Failure   Level
a - Shock                 Conj/Air       92%        1d8       1%          1

Your spell library contained the following spells:

 Spells                   Type           Power      Damage    Failure   Level
 Static Discharge         Conj/Air       23%        3-6/arc   3%          2
 Swiftness                Air            25%        N/A       4%          3
 Blink                    Tloc           12%        N/A       14%         2
 Airstrike                Air            12%        2d(2-18)  16%         4
 Gell's Gravitas          Tloc           6%         N/A       28%         3
 Teleport Other           Tloc           6%         N/A       28%         3
 Manifold Assault         Tloc           6%         N/A       95%         5
 Dispersal                Tloc           3%         N/A       100%        6
 Storm Form               Tmut/Air       7%         N/A       100%        7


Dungeon Overview and Level Annotations

Branches:
Dungeon (4/15)
 Temple: D:4-7

Altars:
Nemelex Xobeh
The Shining One

Shops:
D:1 *=

Annotations:
D:4 Dowan


Message History

You hear some strange, mumbled words.
A stone arrow appears from out of thin air!
The stone arrow misses you.
The kobold throws a poisoned dart.
The poisoned dart hits you.
You are more poisoned.
Things that are here:
a +0 short sword; a +0 leather armour; a scroll of identify
Casting: Shock (safe; 1% risk of failure)
Confirm with . or Enter, or press ? or * to list all spells.
Aiming: Shock (safe; 1% risk of failure)
Press: ? - help, Shift-Dir - straight line, f - kobold
Aim: a kobold, wielding a +0 short sword and quivering poisoned darts (67% to hit)
The zap hits the kobold.
You kill the kobold!
You feel very sick.
You feel very sick. Something hits you. x2
You miss something.
You feel sick. Something hits you.
* * * LOW HITPOINT WARNING * * *
You hear some strange, mumbled words.
A stone arrow appears from out of thin air!
The stone arrow misses you.
You hit something.
* * * LOW HITPOINT WARNING * * *
You feel sick.
You hear some strange, mumbled words.
* * * LOW HITPOINT WARNING * * *
You feel sick.
* * * LOW HITPOINT WARNING * * *
You feel sick.
Casting: Shock (safe; 1% risk of failure)
Confirm with . or Enter, or press ? or * to list all spells.
You can't see any susceptible monsters within range! (Use Z to cast anyway.)
* * * LOW HITPOINT WARNING * * *
You feel sick. Something hits you.
* * * LOW HITPOINT WARNING * * *
You hit something but do no damage.
* * * LOW HITPOINT WARNING * * *
You feel sick. Something hits you.
You die...

...##.##### ..........#
..........# ###
..........# ##.###
...####..#####....#
#.###.....#.#.....## #.#
##.##.#........### #
#.#.##..#...#..#..##.#..#
.......####.#..#@.#.....#
.......# #........#
.......# ....#..)..#
..........#..##..###
......... ....#.##
#................
####..... ...... #....
.....) #.....


There were no monsters in sight!

Vanquished Creatures
  Duvessa (D:4)
  A hound (D:4)
  Natasha (twice) (D:4)
  2 adders (D:2)
  4 dart slugs (D:2)
  9 orcs
  3 bats
  6 endoplasms
  2 giant cockroaches (D:1)
  5 hobgoblins
  7 jackals
  2 kobolds
  A quokka (D:1)
  5 ball pythons
  3 frilled lizards
  A goblin (D:1)
  2 rats (D:1)
56 creatures vanquished.

Notes
Turn   | Place    | Note
-------+----------+-------------------------------------------
     0 | D:1      | Sabo the Deep Elf Air Elementalist began the quest for the
                  | Orb.
     0 | D:1      | Reached XP level 1. HP: 10/10 MP: 6/6
   637 | D:1      | Reached XP level 2. HP: 15/15 MP: 6/8
   702 | D:1      | Found Fukhebydgh's Assorted Antiques.
  1308 | D:1      | Found Syaleuru's Jewellery Shoppe.
  1723 | D:2      | Reached skill level 4 in Spellcasting
  1723 | D:2      | Reached XP level 3. HP: 18/19 MP: 6/10
  3170 | D:3      | Reached XP level 4. HP: 17/24 MP: 12/12
  4031 | D:3      | Found a glowing golden altar of the Shining One.
  4033 | D:3      | Found a sparkling altar of Nemelex Xobeh.
  4542 | D:4      | Noticed Natasha
  4549 | D:4      | Killed Natasha
  4550 | D:4      | Reached skill level 5 in Spellcasting
  4576 | D:4      | Noticed Natasha
  4579 | D:4      | Killed Natasha
  4586 | D:4      | Reached XP level 5. HP: 14/28 MP: 12/14
  4846 | D:4      | Noticed Duvessa
  4852 | D:4      | Noticed Dowan
  4855 | D:4      | Killed Duvessa
  4856 | D:4      | Reached XP level 6. HP: 32/32 MP: 16/16
  4868 | D:4      | HP: 1/32 [poisoned by a kobold]
  4868 | D:4      | Slain by Dowan

Illustrated notes

Levels and vault maps discovered:
D:1:      wander_arrival_fairy_ring, layout_loops_corners, serial_shops,
          nicolae_shop_behind_doors, nicolae_shop_competitors_out_of_business,
          chequers_serial_rivers_micro_e
D:2:      layout_basic, mrwooster_statue_mirror
D:3:      layout_basic, nicolae_overflow_hidden_temple, grunt_decor_fettered
D:4:      layout_cave_pools, uniq_duvessa, uniq_natasha

Skill      XL: |  1  2  3  4  5 |
---------------+----------------+-----
Spellcasting   | 4 5 |  5.7
Conjurations   | 2 3 |  3.3
Air Magic      | 4 |  4.2
Stealth        | 3 |  3.0
Short Blades   | |  0.2
Dodging        | |  2.6

Action                   |  1- 3 |  4- 6 || total
-------------------------+-------+-------++-------
Melee: Dagger            |     2 |       ||     2
       Rapier            |     1 |    14 ||    15
 Cast: Shock             |    74 |    59 ||   133
  Use: Scroll            |     3 |     2 ||     5
       Potion            |       |     1 ||     1
 Stab: Sleeping          |     1 |       ||     1
Armor: Robe              |     5 |     6 ||    11
Dodge: Dodged            |     7 |    17 ||    24

Table legend: (Time is in decaauts)
 A = Elapsed time spent in this place.
 B = Non-inter-level travel time spent in this place.
 C = Inter-level travel time spent in this place.
 D = Time resting spent in this place.
 E = Time spent auto-exploring this place.
 F = Levels seen in this place.
 G = Mean time per level.
                   A        B        C        D        E       F      G
               +--------+--------+--------+--------+--------+-----+--------+
         Total |   4868 |   4868 |      0 |   1676 |      0 |   4 | 1217.0 |
       Dungeon |   4868 |   4868 |      0 |   1676 |      0 |   4 | 1217.0 |
               +--------+--------+--------+--------+--------+-----+--------+

Top non-repeatable levels by time:
     D:1: 1703 daAuts
     D:2: 1385 daAuts
     D:3: 1353 daAuts
     D:4: 426 daAuts
